 Dungeon Crawl Stone Soup version 0.30-a0-50-gb2d611f6b1 (webtiles) character file.

Game seed: 4594312669930569982

30 kcfos the Vexing (level 3, 27/27 HPs)
             Began as a Vampire Enchanter on Feb 23, 2022.
             Quit the game on level 1 of the Dungeon on Sept 9, 2022.
             The game lasted 00:06:40 (937 turns).

kcfos the Vexing (Vampire Enchanter)                 Turns: 937, Time: 00:06:41

Health: 27/27      AC:  3    Str:  7    XL:     3   Next: 3%
Magic:  6/6        EV: 12    Int: 17    God:
Gold:   36         SH:  0    Dex: 16    Spells: 1/6 levels left

rFire   . . .      SeeInvis +    a - +1 dagger
rCold   . . .      Faith    .    (no shield)
rNeg    . . .      Spirit   .    b - +0 robe
rPois   .          Reflect  .    (no helmet)
rElec   .          Harm     .    (no cloak)
rCorr   .          Rampage  .    j - +0 pair of gloves
Will    .....                    (no boots)
Stlth   +++.......               (no amulet)
HPRegen 0.29/turn                (no ring)
MPRegen 0.10/turn                (no ring)

@: healing quickly
A: alive, fangs 3, see invisible, vampiric 2
a: Exsanguinate


You were on level 1 of the Dungeon.
You visited 1 branch of the dungeon, and saw 2 of its levels.

You collected 36 gold pieces.

Inventory:

Hand Weapons
 a - a +1 dagger (weapon)
Missiles
 i - 55 stones
 o - 3 poisoned darts (quivered)
 r - a throwing net
Armour
 b - a +0 robe (worn)
 h - a +0 robe
 j - a +0 pair of gloves (worn)
Scrolls
 e - a scroll of identify {unknown}
 f - a scroll of fear {unknown}
 g - a scroll of amnesia {unknown}
 k - 2 scrolls of blinking {unknown}
 n - 2 scrolls of noise {unknown}
 p - a scroll of fog {unknown}
 q - a scroll of teleportation {unknown}
Potions
 d - 2 potions of degeneration {unknown}
 l - 2 potions of lignification {unknown}
 m - a potion of heal wounds {unknown}


   Skills:
 + Level 2.0 Fighting
 - Level 1.1 Short Blades
 - Level 2.1 Dodging
 + Level 4.4 Stealth
 - Level 2.0 Spellcasting
 + Level 5.0 Hexes


You had one spell level left.
You knew the following spells:

 Your Spells              Type           Power      Damage    Failure   Level
a - Ensorcelled Hibernat  Hex/Ice        20%        N/A       11%         2
b - Confusing Touch       Hex            18%        N/A       8%          3

Your spell library contained the following spells:

 Spells                   Type           Power      Damage    Failure   Level
 Tukima's Dance           Hex            18%        N/A       8%          3
 Dazzling Flash           Conj/Hex       20%        N/A       21%         3
 Spider Form              Tmut/Pois      1%         N/A       50%         3
 Anguish                  Hex/Necr       5%         N/A       56%         4


Dungeon Overview and Level Annotations

Branches:
Dungeon (2/15)

Altars:


Innate Abilities, Weirdness & Mutations

Your natural rate of healing is accelerated.
You have razor-sharp teeth.
You have supernaturally acute eyesight. (SInv)
You are afflicted with vampirism and can become a bat while bloodless.


Message History

The adder is almost dead.
You feel sick. The adder barely misses you. The adder closely misses you.
You hit the adder.
You kill the adder!
You feel sick.
Your Fighting skill increases to level 2!
Your Hexes skill increases to level 5!
You have reached level 3!
Your experience leads to an increase in your attributes!
Increase (S)trength, (I)ntelligence, or (D)exterity?
You feel agile. x2
You can now turn into a vampire bat when bloodless.
You feel sick.
You are no longer poisoned.
Unknown command.
o - 3 poisoned darts (gained 1)
A rat comes into view.
You see here a poisoned dart.
There is a stone staircase leading up here.
You climb upwards.
There is a stone staircase leading down here.
This spell is quite dangerous to cast!
Memorise Confusing Touch, consuming 3 spell levels and leaving 1?
You start memorising the spell.
You continue memorising. x3
You finish memorising.
Spell assigned to 'b'.
Okay, then.
You start resting.
You flicker for a moment.
You start resting.
You flicker back into view.
You start resting.
Magic restored.
You start resting.
Your magical contamination has completely faded away.
You start resting.
HP restored.
Save game and exit?
Welcome back, kcfos the Vampire Enchanter.
Press ? for a list of commands and other information.
Are you sure you want to abandon this character and quit the game? (Confirm with "yes".)

####### ####### #.....######
#...... #.>...#....# #......
#.....#....# #......
#####.....#....#######......
######..........@................
#......###.....#....#######......
##..#### #.....#..........#......
##.######.....#....#####........
#...........)#....# ##..###..
####...........#....# ##.##... .#
#>..........#....# #.##... .#
#...........###.## #..#.## .#
##..........###.# ##...#


There were no monsters in sight!

Vanquished Creatures
  An adder (D:2)
  3 endoplasms (D:1)
  2 giant cockroaches (D:1)
  4 goblins (D:1)
  A hobgoblin (D:1)
  A quokka (D:1)
  2 ball pythons (D:1)
  2 bats (D:1)
  A kobold (D:1)
  2 rats (D:1)
19 creatures vanquished.

Vanquished Creatures (others)
  2 plants (D:1)
2 creatures vanquished.

Grand Total: 21 creatures vanquished

Notes
Turn   | Place    | Note
-------+----------+-------------------------------------------
     0 | D:1      | kcfos the Vampire Enchanter began the quest for the Orb.
     0 | D:1      | Reached XP level 1. HP: 13/13 MP: 3/3
    76 | D:1      | Reached skill level 1 in Fighting
    98 | D:1      | Upgraded the game from 0.29-a0-194-g6e3aafee17 to
                  | 0.30-a0-50-gb2d611f6b1
   154 | D:1      | Found a faded altar of an unknown god.
   256 | D:1      | Reached XP level 2. HP: 20/21 MP: 5/5
   259 | D:1      | Learned a level 2 spell: Ensorcelled Hibernation
   871 | D:2      | Reached skill level 5 in Hexes
   871 | D:2      | Gained mutation: You are afflicted with vampirism and can
                  | become a bat while bloodless. [Vampire growth]
   871 | D:2      | Reached XP level 3. HP: 8/27 MP: 2/6
   885 | D:1      | Learned a level 3 spell: Confusing Touch
   937 | D:1      | Quit the game

Illustrated notes

Levels and vault maps discovered:
D:1:      sevenhm_arrival_forest_fort_small_6, layout_rooms,
          dilly_ecumenical_altar_fadedgnrine
D:2:      layout_rooms, uniq_jessica

Skill      XL: |  1  2 |
---------------+-------+-----
Fighting       | 1 2 |  2.0
Hexes          | 5 |  5.0
Short Blades   | |  1.1
Dodging        | |  2.1
Stealth        | |  4.4
Spellcasting   | |  2.0

Action                   || total
-------------------------++-------
Melee: Dagger            ||    65
       Bite              ||     4
Throw: Stone             ||     7
       Dart              ||     3
 Cast: Ensorcelled Hiber ||     5
  Use: Potion            ||     1
 Stab: Sleeping          ||     4
Armor: Robe              ||    14
Dodge: Dodged            ||    38

Table legend: (Time is in decaauts)
 A = Elapsed time spent in this place.
 B = Non-inter-level travel time spent in this place.
 C = Inter-level travel time spent in this place.
 D = Time resting spent in this place.
 E = Time spent auto-exploring this place.
 F = Levels seen in this place.
 G = Mean time per level.
                   A        B        C        D        E       F      G
               +--------+--------+--------+--------+--------+-----+--------+
         Total |    934 |    892 |     42 |    233 |    284 |   2 |  467.0 |
       Dungeon |    934 |    892 |     42 |    233 |    284 |   2 |  467.0 |
               +--------+--------+--------+--------+--------+-----+--------+

Top non-repeatable levels by time:
     D:1: 911 daAuts
     D:2: 23 daAuts
